[Event "Titled Tuesday Blitz July 4 Late 2023"]
[White "Sjugirov, Sanan"]
[Black "Nakamura, Hikaru"]
[WhiteFideId "4189302"]
[BlackFideId "2016192"]
[WhiteElo "2965"]
[BlackElo "3172"]
[Result "0-1"]
[Round "8"]
[TimeControl "180+2"]
[Date "2023.07.04"]
[WhiteClock "0:00:00"]
[BlackClock "0:00:53"]
[Board "7"]

1. e4 e5 2. Nf3 Nc6 3. Bc4 Nf6 4. d3 Bc5 5. a4 a6 6. O-O d6 7. c3 Ba7 8. h3 h6 9. Be3 g5 10. Bxa7 Rxa7 11. Nbd2 g4 12. hxg4 Bxg4 13. Qe1 Qe7 14. Qe3 Ra8 15. b4 Be6 16. b5 Na5 17. Bxe6 Qxe6 18. Nh4 Nh5 19. Nf5 Kd7 20. g3 Rhg8 21. d4 Ng7 22. Nxg7 Rxg7 23. dxe5 Qxe5 24. Qxh6 Rag8 25. Qh3+ Kd8 26. Kg2 Qxc3 27. Rad1 axb5 28. axb5 Nc4 29. Nxc4 Qxc4 30. Qh4+ Kc8 31. b6 Rg4 32. Qh3 f5 33. Rc1 Qxe4+ 34. Kg1 c6 35. Rfe1 Qf3 36. Re3 Qxe3 37. fxe3 Rxg3+ 38. Qxg3 Rxg3+ 39. Kf2 Rg4 40. Rh1 c5 41. Rh7 Rb4 42. Rc7+ Kb8 0-1


[Site "https://www.chess.com"]

[Event "Titled Tuesday Blitz July 4 Late 2023"]
[White "Xiong, Jeffery"]
[Black "Erigaisi Arjun"]
[WhiteFideId "2047640"]
[BlackFideId "35009192"]
[WhiteElo "2946"]
[BlackElo "3145"]
[Result "1-0"]
[Round "8"]
[TimeControl "180+2"]
[Date "2023.07.04"]
[WhiteClock "0:01:22"]
[BlackClock "0:00:20"]
[Board "8"]

1. e4 d6 2. d4 g6 3. Nf3 Bg7 4. Be3 a6 5. c4 Bg4 6. Nbd2 c5 7. dxc5 dxc5 8. Bxc5 Bxb2 9. Rb1 Bc3 10. Qc2 Qa5 11. Bb6 Bxd2+ 12. Nxd2 Qe5 13. h3 Bc8 14. Nf3 Qe6 15. Bd3 Nc6 16. O-O Qf6 17. Qe2 e5 18. Rfd1 Nge7 19. Be3 h6 20. c5 g5 21. Bc4 g4 22. hxg4 Bxg4 23. Rd6 Qg7 24. Rxb7 Rg8 25. Bxh6 Qh7 26. Qd3 Bxf3 27. Qxf3 Nd4 28. Qf6 Rxg2+ 29. Kxg2 Qxe4+ 30. f3 Qc2+ 31. Kh3 1-0


[Site "https://www.chess.com"]

[Event "Titled Tuesday Blitz July 4 Late 2023"]
[White "Durarbayli, Vasif"]
[Black "Nihal Sarin"]
[WhiteFideId "13402935"]
[BlackFideId "25092340"]
[WhiteElo "2913"]
[BlackElo "3120"]
[Result "0-1"]
[Round "8"]
[TimeControl "180+2"]
[Date "2023.07.04"]
[WhiteClock "0:00:00"]
[BlackClock "0:00:02"]
[Board "9"]

1. e4 c6 2. d4 d5 3. exd5 cxd5 4. c4 Nf6 5. Nc3 e6 6. Nf3 Bb4 7. cxd5 exd5 8. Bd3 O-O 9. O-O Bxc3 10. bxc3 h6 11. Ne5 Re8 12. Re1 b6 13. Bf4 Ba6 14. Bf5 Bc8 15. Bc2 Bb7 16. Ba4 Re6 17. Qf3 Na6 18. Bc2 Nc7 19. c4 Re8 20. Ba4 Rf8 21. Nc6 Bxc6 22. Bxc6 Rc8 23. Bb7 dxc4 24. Bxc8 Qxc8 25. Bd6 Re8 26. Rxe8+ Ncxe8 27. Be5 Qd7 28. Rc1 b5 29. h3 Qd5 30. Qa3 Qd7 31. Qc5 Ne4 32. Qb4 N8f6 33. a4 a6 34. axb5 axb5 35. Bxf6 gxf6 36. Rd1 Qd5 37. f3 Qd6 38. Qxd6 Nxd6 39. Kf2 b4 40. d5 c3 41. Ke3 Nc4+ 42. Kd4 c2 43. Re1 Nb2 44. d6 Nd1 45. d7 c1=Q 46. d8=Q+ Kg7 47. Qe7 Qd2+ 48. Kc4 Nb2+ 49. Kb5 b3 50. Qe3 Qd5+ 51. Ka6 Nd3 52. Rb1 b2 0-1


[Site "https://www.chess.com"]

[Event "Titled Tuesday Blitz July 4 Late 2023"]
[White "Lazavik, Denis"]
[Black "Ibrahimli, Murad"]
[WhiteFideId "13515110"]
[BlackFideId "13410229"]
[WhiteElo "3053"]
[BlackElo "2926"]
[Result "0-1"]
[Round "8"]
[TimeControl "180+2"]
[Date "2023.07.04"]
[WhiteClock "0:00:01"]
[BlackClock "0:00:31"]
[Board "10"]

1. d4 d5 2. c4 c6 3. Nf3 Nf6 4. e3 a6 5. Bd3 Bg4 6. h3 Bh5 7. Nbd2 e6 8. O-O Nbd7 9. b3 Bd6 10. Bb2 Qe7 11. Qc2 Ba3 12. Bc3 Bb4 13. Bxb4 Qxb4 14. a3 Qe7 15. b4 O-O 16. Ne5 Bg6 17. Nxg6 hxg6 18. c5 e5 19. a4 Rfe8 20. b5 axb5 21. axb5 exd4 22. exd4 Nf8 23. Nf3 Ne6 24. Rxa8 Rxa8 25. Re1 Nd7 26. Qb2 Ndf8 27. Bf1 Qc7 28. Ne5 Ra4 29. Nf3 Qa5 30. bxc6 bxc6 31. Rb1 Ra3 32. Qb4 Qa8 33. Qb7 Qxb7 34. Rxb7 Rxf3 35. gxf3 Nxd4 36. Rb8 f6 37. f4 Kf7 38. Rb7+ Kg8 39. Bd3 Nde6 40. Rb8 Kf7 41. f5 gxf5 42. Bxf5 Nxc5 43. Rc8 g6 44. Rxc6 Nb3 45. Bc2 Nd4 46. Rc7+ Ke6 47. Bd3 f5 48. Kg2 Kf6 49. Ra7 Nfe6 50. Kg1 Nf4 51. Ra6+ Ke5 52. Bf1 Nf3+ 53. Kh1 d4 54. Ra5+ Kf6 55. Bg2 Ne1 56. Bc6 Nxh3 57. Ra1 Nd3 58. Kg2 Nhxf2 59. Bb5 Ke5 60. Ra3 Ke4 61. Bc6+ Ke3 62. Bb5 f4 63. Kf1 g5 64. Ra8 g4 65. Re8+ Ne4 66. Bc6 Nc5 67. Ke1 f3 68. Kf1 d3 0-1


[Site "https://www.chess.com"]

[Event "Titled Tuesday Blitz July 4 Late 2023"]
[White "Sargsyan, Shant"]
[Black "Sanal, Vahap"]
[WhiteFideId "13306766"]
[BlackFideId "6300545"]
[WhiteElo "2998"]
[BlackElo "2893"]
[Result "1-0"]
[Round "8"]
[TimeControl "180+2"]
[Date "2023.07.04"]
[WhiteClock "0:00:13"]
[BlackClock "0:00:01"]
[Board "11"]

1. g3 d5 2. Nf3 g6 3. Bg2 Bg7 4. O-O e5 5. d3 Ne7 6. e4 O-O 7. Qe2 Nbc6 8. c3 Re8 9. b4 a6 10. a3 h6 11. Nbd2 g5 12. Bb2 Ng6 13. exd5 Qxd5 14. Nxg5 Qd8 15. Nge4 f5 16. Nc5 Kh7 17. Rfe1 Qf6 18. d4 e4 19. Nf1 b6 20. Nb3 Qf7 21. c4 f4 22. Bxe4 Bf5 23. Nfd2 Rad8 24. Qh5 Nce7 25. Nf3 Kg8 26. Rac1 Bxe4 27. Rxe4 fxg3 28. fxg3 Rf8 29. Nbd2 Nf5 30. Rce1 c5 31. Re6 Nfe7 32. bxc5 bxc5 33. Qxc5 Nf5 34. Qc6 Kh7 35. Qe4 Kg8 36. Kg2 Nge7 37. Rxe7 Nxe7 38. Qxe7 Qh5 39. Qe6+ Kh8 40. g4 Qa5 41. Qe3 Rb8 42. Bc3 Qxa3 43. Ra1 Qd6 44. d5 Rbe8 45. Bxg7+ Kxg7 46. Qd4+ Kh7 47. Qd3+ Kh8 48. c5 Qd7 49. h3 h5 50. Rxa6 Qg7 51. g5 Rf7 52. Rh6+ Kg8 53. Re6 Rxe6 54. dxe6 Re7 55. Qd8+ Kh7 56. Qd3+ Kg8 57. Qf5 Qb2 58. Qg6+ Kf8 59. Qf6+ 1-0


[Site "https://www.chess.com"]

[Event "Titled Tuesday Blitz July 4 Late 2023"]
[White "Plat, Vojtech"]
[Black "Deac, Bogdan-Daniel"]
[WhiteFideId "325740"]
[BlackFideId "1226380"]
[WhiteElo "2803"]
[BlackElo "2990"]
[Result "1/2-1/2"]
[Round "8"]
[TimeControl "180+2"]
[Date "2023.07.04"]
[WhiteClock "0:00:14"]
[BlackClock "0:00:09"]
[Board "13"]

1. e4 Nf6 2. e5 Nd5 3. g3 d6 4. exd6 cxd6 5. Bg2 Nf6 6. Ne2 g6 7. O-O Bg7 8. a4 O-O 9. d4 Nc6 10. c3 Qc7 11. Na3 a6 12. Nc4 Na5 13. Ne3 Rb8 14. Nf4 e6 15. Nd3 b5 16. axb5 axb5 17. Nb4 Bb7 18. d5 e5 19. Re1 Ra8 20. Qd3 Nc4 21. Rxa8 Rxa8 22. Nc6 Ba6 23. b3 Nb6 24. Bd2 Nfd7 25. Nb4 Qb7 26. Nxa6 Qxa6 27. b4 f5 28. Bf1 e4 29. Qxb5 Qxb5 30. Bxb5 Ra2 31. Rd1 Ne5 32. Be2 Nf3+ 33. Bxf3 exf3 34. Kf1 Kf7 35. Ke1 Be5 36. c4 Bd4 37. Rc1 f4 38. gxf4 Na4 39. Nd1 Nb2 40. Nxb2 Bxb2 41. Rb1 Bd4 42. c5 dxc5 43. b5 c4 44. b6 c3 45. b7 cxd2+ 46. Kd1 Ba7 47. b8=Q Bxb8 48. Rxb8 Ra4 49. Rb7+ Kf6 50. Kxd2 Rxf4 51. Ke3 Rh4 52. Kxf3 Rxh2 53. d6 Ke6 54. Kg3 Rh5 55. d7 Ke7 56. f4 Kd8 57. Kg4 Rc5 58. Rb8+ Kxd7 59. Rh8 Rh5 60. f5 Rxf5 61. Rxh7+ Ke6 62. Ra7 Kf6 63. Ra6+ Kg7 64. Rb6 Kh6 65. Rb8 Rg5+ 66. Kh4 Rc5 67. Rh8+ Kg7 68. Rb8 Kf6 69. Kg4 Rc4+ 70. Kg3 Kg5 71. Rb5+ Kh6 72. Ra5 g5 73. Ra8 Kg6 74. Rg8+ Kf6 75. Rf8+ Kg6 76. Rg8+ Kf6 77. Rf8+ Kg6 78. Rg8+ 1/2-1/2


[Site "https://www.chess.com"]

[Event "Titled Tuesday Blitz July 4 Late 2023"]
[White "Nasuta, Grzegorz"]
[Black "Indjic, Aleksandar"]
[WhiteFideId "1141686"]
[BlackFideId "911925"]
[WhiteElo "2725"]
[BlackElo "2971"]
[Result "0-1"]
[Round "8"]
[TimeControl "180+2"]
[Date "2023.07.04"]
[WhiteClock "0:00:00"]
[BlackClock "0:01:03"]
[Board "14"]

1. e4 e5 2. Nf3 Nc6 3. Bc4 Nf6 4. d3 d5 5. exd5 Nxd5 6. O-O Be7 7. Re1 f6 8. Nc3 Be6 9. Bb3 Qd7 10. d4 Nxc3 11. bxc3 O-O-O 12. Qe2 Bg4 13. h3 Bxf3 14. Qxf3 Kb8 15. Ba4 Qd5 16. Qxd5 Rxd5 17. Rb1 Ka8 18. f4 Bd6 19. Bb3 Ra5 20. d5 Nd8 21. fxe5 Bxe5 22. c4 b6 23. Bd2 Rc5 24. Bb4 Nb7 25. Bxc5 Nxc5 26. Kf1 a5 27. c3 Rd8 28. Bc2 g6 29. Kf2 Rd7 30. Kf3 Bxc3 31. Re8+ Ka7 32. h4 Kb7 33. g4 c6 34. Rd1 cxd5 35. Rxd5 Rc7 36. h5 Nd7 37. Rh8 f5 38. gxf5 Bxh8 39. fxg6 hxg6 40. hxg6 Ka7 41. Bd3 Nc5 42. Kg4 Nxd3 43. Rxd3 Rxc4+ 44. Kf5 Rc7 45. Ke6 b5 46. Rd6 Kb7 47. Rd8 Bg7 48. Rg8 b4 49. Rd8 Kb6 50. Kd5 Kb5 51. Ra8 Rd7+ 52. Ke6 Rb7 53. Kd5 a4 0-1


[Site "https://www.chess.com"]

[Event "Titled Tuesday Blitz July 4 Late 2023"]
[White "Philippe, Guillaume"]
[Black "Kollars, Dmitrij"]
[WhiteFideId "36048763"]
[BlackFideId "12909572"]
[WhiteElo "2489"]
[BlackElo "2971"]
[Result "0-1"]
[Round "8"]
[TimeControl "180+2"]
[Date "2023.07.04"]
[WhiteClock "0:00:37"]
[BlackClock "0:01:04"]
[Board "15"]

1. e4 e5 2. Nf3 Nc6 3. Bb5 a6 4. Ba4 Nf6 5. Nc3 Be7 6. Bxc6 dxc6 7. a3 O-O 8. d3 Nd7 9. h4 f6 10. h5 Nc5 11. Nh4 Ne6 12. Ne2 c5 13. Ng3 b5 14. Be3 Rf7 15. Ngf5 Bf8 16. Qg4 Ng5 17. Bxg5 fxg5 18. Nf3 h6 19. Nxe5 Bxf5 20. Nxf7 Bxg4 21. Nxd8 Rxd8 22. f3 Be6 23. g4 c4 24. Ke2 cxd3+ 25. cxd3 c5 26. Rhd1 Be7 27. Rac1 Rd4 28. Ke3 Bd6 29. Rc3 Kf7 30. Rf1 Bf4+ 31. Ke2 c4 32. Kd1 Rxd3+ 33. Rxd3 cxd3 34. Rf2 Bb3+ 35. Ke1 Bg3 36. Kd2 Bxf2 37. Kxd3 0-1


[Site "https://www.chess.com"]

[Event "Titled Tuesday Blitz July 4 Late 2023"]
[White "Naroditsky, Daniel"]
[Black "Fernandez Guillen, Ernesto J."]
[WhiteFideId "2026961"]
[BlackFideId "3512428"]
[WhiteElo "3121"]
[BlackElo "2746"]
[Result "1-0"]
[Round "8"]
[TimeControl "180+2"]
[Date "2023.07.04"]
[WhiteClock "0:00:12"]
[BlackClock "0:00:11"]
[Board "16"]

1. d4 Nf6 2. Nc3 d5 3. Bf4 c6 4. e3 Bf5 5. Nf3 e6 6. Ne5 Nbd7 7. g4 Bg6 8. h4 h5 9. Nxg6 fxg6 10. g5 Ng8 11. Bd3 Ne7 12. e4 Qb6 13. Qd2 O-O-O 14. O-O-O Qxd4 15. Kb1 dxe4 16. Nxe4 Nd5 17. Bg3 Qb4 18. c3 Qb6 19. Qc2 Nc5 20. Nxc5 Bxc5 21. Bxg6 Rhf8 22. Rd2 Bd6 23. Bxd6 Rxd6 24. Bxh5 Qc5 25. Bg4 Rf4 26. Bh3 Kc7 27. Bg2 a5 28. h5 Ne7 29. Rxd6 Kxd6 30. h6 Qxg5 31. h7 Qxg2 32. h8=Q Rxf2 33. Qd8+ Ke5 34. Qd4# 1-0


[Site "https://www.chess.com"]

[Event "Titled Tuesday Blitz July 4 Late 2023"]
[White "Pranav, V"]
[Black "Ghazarian, Kirk"]
[WhiteFideId "25060783"]
[BlackFideId "30908604"]
[WhiteElo "2980"]
[BlackElo "2751"]
[Result "1-0"]
[Round "8"]
[TimeControl "180+2"]
[Date "2023.07.04"]
[WhiteClock "0:00:21"]
[BlackClock "0:00:02"]
[Board "17"]

1. e4 c5 2. Nf3 Nf6 3. e5 Nd5 4. Nc3 e6 5. Bc4 Nb6 6. d3 d5 7. exd6 Bxd6 8. Qe2 Nxc4 9. dxc4 Nc6 10. Bg5 f6 11. Be3 Be7 12. Rd1 Qa5 13. O-O O-O 14. Rfe1 Rd8 15. h3 Bd7 16. Bf4 e5 17. Bd2 Be6 18. b3 Qc7 19. Be3 Bf8 20. Ne4 b6 21. c3 Rxd1 22. Rxd1 Rd8 23. Re1 Qd7 24. Ng3 Qd3 25. Qb2 Ne7 26. Kh2 Nf5 27. Nxf5 Qxf5 28. Kg1 Qd3 29. Nh2 h5 30. Nf1 g6 31. f4 exf4 32. Bxf4 Bc8 33. Re3 Qf5 34. Rf3 Bb7 35. Rf2 Qe4 36. Qc1 Bg7 37. Bh6 Kh7 38. Bxg7 Kxg7 39. Ng3 Qe5 40. Nf1 Rd3 41. Qa3 Rxc3 42. Qxa7 Qe4 43. Qxb6 Rc1 44. Qxf6+ Kh7 45. Qf7+ Kh8 46. Qf8+ Kh7 47. Rf7# 1-0


[Site "https://www.chess.com"]

[Event "Titled Tuesday Blitz July 4 Late 2023"]
[White "Makarian, Rudik"]
[Black "Pulvett Marin, Daniel Eduardo"]
[WhiteFideId "44105681"]
[BlackFideId "3900410"]
[WhiteElo "2943"]
[BlackElo "2717"]
[Result "0-1"]
[Round "8"]
[TimeControl "180+2"]
[Date "2023.07.04"]
[WhiteClock "0:00:00"]
[BlackClock "0:01:05"]
[Board "18"]

1. d4 Nf6 2. c4 g6 3. Nf3 Bg7 4. Nc3 O-O 5. e4 d6 6. Be2 e5 7. O-O exd4 8. Nxd4 Re8 9. f3 c6 10. Bg5 Qb6 11. Kh1 Qxb2 12. Na4 Qb4 13. Bd2 Qa3 14. Bc1 Qb4 15. Bd2 Qa3 16. Rb1 Na6 17. Bc1 Qxa2 18. Rb2 Qa1 19. Qc2 Nc5 20. Nxc5 dxc5 21. Nb3 Qa4 22. Ra2 Qb4 23. Ba3 Qb6 24. Bxc5 Qc7 25. Bxa7 b6 26. Rfa1 Nd7 27. Bxb6 Rxa2 28. Rxa2 Qxb6 29. c5 Qb4 30. g3 Qe1+ 31. Kg2 h5 32. Ra7 h4 33. gxh4 Qxh4 34. Nd2 Qg5+ 35. Kh1 Bd4 36. Qd1 Nxc5 37. Qf1 Bh3 0-1


[Site "https://www.chess.com"]

[Event "Titled Tuesday Blitz July 4 Late 2023"]
[White "Oparin, Grigoriy"]
[Black "Jaracz, Pawel"]
[WhiteFideId "24125890"]
[BlackFideId "1102222"]
[WhiteElo "2941"]
[BlackElo "2717"]
[Result "1-0"]
[Round "8"]
[TimeControl "180+2"]
[Date "2023.07.04"]
[WhiteClock "0:01:18"]
[BlackClock "0:00:01"]
[Board "19"]

1. c4 c6 2. Nf3 d5 3. g3 Nd7 4. cxd5 cxd5 5. d4 Nb6 6. Bg2 Bf5 7. O-O e6 8. Nc3 Nf6 9. Nh4 Bg6 10. Nxg6 hxg6 11. e4 dxe4 12. Nxe4 Nfd5 13. a4 a5 14. Qd3 Bb4 15. Nc5 O-O 16. Nxb7 Qe7 17. Nc5 Bxc5 18. dxc5 Qxc5 19. Bd2 Qc4 20. Qxc4 Nxc4 21. Bg5 Rab8 22. Rfc1 Nxb2 23. Rc5 f6 24. Bd2 Nd3 25. Rxa5 Rb2 26. Bxd5 exd5 27. Be3 Nb4 28. Rb5 Ra8 29. a5 Ra6 30. Bd4 Rb3 31. Rc1 Nd3 32. Rc8+ Kh7 33. Rxb3 1-0


[Site "https://www.chess.com"]

[Event "Titled Tuesday Blitz July 4 Late 2023"]
[White "Keymer, Vincent"]
[Black "Matinian, Nikita"]
[WhiteFideId "12940690"]
[BlackFideId "24129100"]
[WhiteElo "2937"]
[BlackElo "2691"]
[Result "1-0"]
[Round "8"]
[TimeControl "180+2"]
[Date "2023.07.04"]
[WhiteClock "0:00:38"]
[BlackClock "0:00:00"]
[Board "20"]

1. a3 e5 2. c4 g6 3. b4 Bg7 4. Bb2 c6 5. f4 d6 6. Nf3 Bg4 7. g3 Bxf3 8. exf3 Nd7 9. Bh3 f5 10. O-O Ngf6 11. fxe5 dxe5 12. d4 e4 13. Nc3 exf3 14. Qxf3 O-O 15. c5 Ng4 16. Rad1 Ndf6 17. Bc1 h5 18. Bg2 Qe7 19. d5 cxd5 20. Nxd5 Nxd5 21. Qxd5+ Rf7 22. Rfe1 Qf8 23. Qc4 Kh7 24. Bf4 Re8 25. Bd6 Rxe1+ 26. Rxe1 Qg8 27. Bd5 Nh6 28. Bf4 1-0


[Site "https://www.chess.com"]

[Event "Titled Tuesday Blitz July 4 Late 2023"]
[White "Rastbod, Ali"]
[Black "Chigaev, Maksim"]
[WhiteFideId "12567477"]
[BlackFideId "4108116"]
[WhiteElo "2683"]
[BlackElo "2933"]
[Result "0-1"]
[Round "8"]
[TimeControl "180+2"]
[Date "2023.07.04"]
[WhiteClock "0:00:00"]
[BlackClock "0:00:04"]
[Board "21"]

1. d4 Nf6 2. c4 g6 3. Nc3 Bg7 4. e4 d6 5. Be2 O-O 6. Be3 e5 7. d5 Na6 8. g4 Nc5 9. f3 h5 10. g5 Nh7 11. b4 Na6 12. a3 Nxg5 13. Qd2 Nh7 14. h4 Nb8 15. c5 a5 16. b5 Nd7 17. c6 Nc5 18. Bxc5 dxc5 19. Na4 b6 20. d6 cxd6 21. O-O-O Qf6 22. Qxd6 Be6 23. c7 Qf4+ 24. Kb2 Qg3 25. Bf1 Qf2+ 26. Qd2 Qxd2+ 27. Rxd2 Rac8 28. Nxb6 Rxc7 29. Nc4 a4 30. Kc3 Rb8 31. b6 Rcb7 32. Nh3 Bh6 33. Rd6 Bxc4 34. Bxc4 Rxb6 35. Rd7 Rf6 36. f4 Bxf4 37. Rf1 Nf8 38. Re7 Ne6 39. Bxe6 Rxe6 40. Rxe6 fxe6 41. Kc4 Be3 42. Rf6 Rb3 43. Rxe6 Rxa3 44. Rxg6+ Kf7 45. Ra6 Ra1 46. Kd5 a3 47. Kxe5 a2 48. Ng5+ Ke8 49. Ke6 Kd8 50. e5 c4 51. Ne4 Kc7 52. Nd6 c3 53. Nb5+ Kb7 54. Ra3 c2 55. Rb3 c1=Q 56. Nd6+ Kc6 57. Rb8 Bc5 58. Rc8+ Kb6 59. Rb8+ Ka7 60. Rb7+ Ka6 61. Rc7 Bxd6 0-1


[Site "https://www.chess.com"]

[Event "Titled Tuesday Blitz July 4 Late 2023"]
[White "Rosen, Eric"]
[Black "Dardha, Daniel"]
[WhiteFideId "2032562"]
[BlackFideId "240990"]
[WhiteElo "2678"]
[BlackElo "2876"]
[Result "1-0"]
[Round "8"]
[TimeControl "180+2"]
[Date "2023.07.04"]
[WhiteClock "0:00:12"]
[BlackClock "0:00:53"]
[Board "22"]

1. d4 d5 2. Bf4 Bf5 3. c4 e6 4. Nc3 Nf6 5. Qb3 Nc6 6. e3 Na5 7. Qa4+ c6 8. cxd5 exd5 9. Nf3 b5 10. Bxb5 cxb5 11. Nxb5 Bd7 12. Bc7 a6 13. Bxd8 axb5 14. Qxa5 Rxa5 15. Bxa5 Bd6 16. Ne5 Bf5 17. a3 Nd7 18. Nxd7 Kxd7 19. Rc1 Bd3 20. Kd2 Bc4 21. Bb4 f5 22. Rc3 Ra8 23. Rhc1 Bxb4 24. axb4 Ra2 25. Rb1 Ra4 26. b3 Rxb4 27. Kc2 Be2 28. Rc5 Bd3+ 29. Kxd3 1-0


[Site "https://www.chess.com"]

[Event "Titled Tuesday Blitz July 4 Late 2023"]
[White "Ter-Sahakyan, Samvel"]
[Black "Aldokhin, Ivan"]
[WhiteFideId "13302531"]
[BlackFideId "24115720"]
[WhiteElo "2867"]
[BlackElo "2671"]
[Result "1-0"]
[Round "8"]
[TimeControl "180+2"]
[Date "2023.07.04"]
[WhiteClock "0:01:14"]
[BlackClock "0:00:41"]
[Board "23"]

1. d4 Nf6 2. c4 g6 3. Nc3 Bg7 4. e4 d6 5. Be2 O-O 6. Be3 Nc6 7. d5 Nb4 8. Nf3 Re8 9. O-O e6 10. Nd2 a5 11. a3 Na6 12. Qc2 Bd7 13. Rfe1 exd5 14. cxd5 Ng4 15. Bxg4 Bxg4 16. h3 Bd7 17. Nf3 a4 18. Rad1 Qf6 19. Bg5 Qxc3 20. bxc3 Nc5 21. Nd4 h6 22. Bf4 Re7 23. f3 Rae8 24. Bg3 f5 25. exf5 1-0


[Site "https://www.chess.com"]

[Event "Titled Tuesday Blitz July 4 Late 2023"]
[White "Ibarra Jerez, Jose Carlos"]
[Black "MKlose11"]
[WhiteFideId "2226332"]
[WhiteElo "2862"]
[BlackElo "2660"]
[Result "1-0"]
[Round "8"]
[TimeControl "180+2"]
[Date "2023.07.04"]
[WhiteClock "0:00:35"]
[BlackClock "0:00:06"]
[Board "24"]

1. e4 e6 2. d4 d5 3. Nc3 Bb4 4. Ne2 dxe4 5. a3 Bxc3+ 6. Nxc3 Nc6 7. d5 exd5 8. Qxd5 Nf6 9. Qxd8+ Nxd8 10. Bg5 Bf5 11. Bxf6 gxf6 12. Nd5 Ne6 13. O-O-O c6 14. Nxf6+ Ke7 15. Nd7 f6 16. Bc4 b6 17. f4 Rad8 18. h3 h5 19. g4 hxg4 20. hxg4 Bxg4 21. Rxh8 Rxh8 22. Rg1 Rg8 23. f5 Kxd7 24. Bxe6+ 1-0


[Site "https://www.chess.com"]

[Event "Titled Tuesday Blitz July 4 Late 2023"]
[White "Hilary46"]
[Black "Kantor, Gergely"]
[BlackFideId "751499"]
[WhiteElo "2646"]
[BlackElo "2816"]
[Result "0-1"]
[Round "8"]
[TimeControl "180+2"]
[Date "2023.07.04"]
[WhiteClock "0:00:18"]
[BlackClock "0:00:20"]
[Board "25"]

1. e4 e6 2. d4 d5 3. Nc3 Bb4 4. e5 c5 5. a3 Bxc3+ 6. bxc3 Nc6 7. Nf3 Nge7 8. a4 Qa5 9. Qd2 b6 10. Bd3 Ba6 11. O-O Bxd3 12. Qxd3 Rc8 13. dxc5 bxc5 14. c4 d4 15. Bd2 Qc7 16. Rfe1 Ng6 17. Qe4 O-O 18. h4 h6 19. Qg4 Ncxe5 20. Nxe5 Nxe5 21. Qg3 Ng6 22. Qg4 Kh7 23. h5 Ne7 24. Bf4 Qc6 25. Be5 f6 26. Bf4 e5 27. Bd2 f5 28. Qh4 Qf6 29. Qh3 f4 30. Rab1 Nf5 31. Rb7 Nd6 32. Rxa7 e4 33. Qg4 e3 34. Bc1 Nxc4 35. Rf1 Ne5 36. Qh3 Qg5 37. fxe3 fxe3 38. Rxf8 Rxf8 39. a5 Nf3+ 40. Kh1 e2 0-1


[Site "https://www.chess.com"]

[Event "Titled Tuesday Blitz July 4 Late 2023"]
[White "Vovk, Orest"]
[Black "Talibov, Shiroghlan"]
[WhiteFideId "14113490"]
[BlackFideId "13429078"]
[WhiteElo "2596"]
[BlackElo "2812"]
[Result "0-1"]
[Round "8"]
[TimeControl "180+2"]
[Date "2023.07.04"]
[WhiteClock "0:00:00"]
[BlackClock "0:01:05"]
[Board "26"]

1. g4 h5 2. g5 e5 3. d4 exd4 4. g6 fxg6 5. Qd3 Qf6 6. Nf3 Nc6 7. Rg1 Nge7 8. Bh3 Nf5 9. Bg5 Qf7 10. Qe4+ Be7 11. Qf4 d6 12. Nbd2 Bd7 13. Nb3 O-O-O 14. O-O-O Bf6 15. Bxf6 gxf6 16. Bxf5 Bxf5 17. Nfxd4 Nxd4 18. Qxd4 Kb8 19. Qb4 c5 20. Qb5 a6 21. Qb6 Qc7 22. Qxc7+ Kxc7 23. f3 g5 24. e4 Be6 25. Nd2 h4 26. Nf1 d5 27. Ne3 dxe4 28. fxe4 Rxd1+ 29. Kxd1 Rd8+ 30. Ke2 Kd6 31. Rd1+ Ke7 32. Rg1 Rg8 33. c4 Kd6 34. Nd5 Ke5 35. Ke3 b5 36. b3 bxc4 37. bxc4 Rb8 38. Rf1 Rb2 39. Nxf6 Rxh2 40. Nd5 Rh3+ 41. Kd2 Rh2+ 42. Kd3 Rxa2 43. Rf8 h3 44. Rh8 h2 45. Ne7 Kf4 46. Ng6+ Kg3 0-1


[Site "https://www.chess.com"]

[Event "Titled Tuesday Blitz July 4 Late 2023"]
[White "Przybylski, Wojciech"]
[Black "Stribuk, Artiom"]
[WhiteFideId "1117599"]
[BlackFideId "13515659"]
[WhiteElo "2578"]
[BlackElo "2804"]
[Result "1/2-1/2"]
[Round "8"]
[TimeControl "180+2"]
[Date "2023.07.04"]
[WhiteClock "0:00:18"]
[BlackClock "0:00:05"]
[Board "27"]

1. e4 c5 2. Nf3 d6 3. Bc4 Nf6 4. d3 e6 5. O-O Be7 6. Re1 Nbd7 7. c3 O-O 8. a4 b6 9. Nbd2 Bb7 10. Bb3 a6 11. d4 cxd4 12. cxd4 b5 13. a5 Rc8 14. Bc2 Qc7 15. Bd3 e5 16. d5 g6 17. h3 Nh5 18. Nf1 Ng7 19. b4 f5 20. Bh6 fxe4 21. Bxe4 Nf6 22. Rc1 Qd7 23. Ng3 Rxc1 24. Bxc1 Nxe4 25. Nxe4 Nf5 26. Bg5 Kg7 27. g4 Nh6 28. Bxh6+ Kxh6 29. Qd2+ Kg7 30. Nfg5 Kg8 31. Ne6 Rf7 32. f4 exf4 33. N4g5 Bxg5 34. Nxg5 Re7 35. Re6 Rxe6 36. Nxe6 f3 37. Qf4 Qf7 38. Qxd6 h6 39. Qb8+ Kh7 40. Nd8 f2+ 41. Kf1 Qf3 42. Qxb7+ Kg8 43. Qd7 Qd1+ 44. Kxf2 Qd2+ 45. Kf3 Qd3+ 46. Kf4 Qd4+ 47. Kg3 Qe3+ 48. Kg2 Qe2+ 49. Kg3 Qe3+ 50. Kg2 Qe2+ 51. Kg1 Qe1+ 52. Kg2 Qe2+ 1/2-1/2


[Site "https://www.chess.com"]

[Event "Titled Tuesday Blitz July 4 Late 2023"]
[White "Hambleton, Aman"]
[Black "musclemonster12"]
[WhiteFideId "2606577"]
[WhiteElo "2799"]
[BlackElo "2548"]
[Result "0-1"]
[Round "8"]
[TimeControl "180+2"]
[Date "2023.07.04"]
[WhiteClock "0:00:01"]
[BlackClock "0:00:14"]
[Board "28"]

1. d4 Nf6 2. Bf4 d5 3. e3 e6 4. Nd2 c5 5. c3 Bd6 6. Ngf3 Nc6 7. Bg3 O-O 8. Bd3 Be7 9. Ne5 Qb6 10. Rb1 a5 11. O-O Nxe5 12. Bxe5 Nd7 13. Bg3 f5 14. c4 cxd4 15. cxd5 exd5 16. exd4 f4 17. Bh4 Bxh4 18. Qh5 Nf6 19. Qxh4 Qxd4 20. Nf3 Qxd3 21. Qxf4 Qe4 22. Qc7 Bg4 23. Rfe1 Qc4 24. Qxc4 dxc4 25. Ne5 Be6 26. a4 Rfe8 27. Rbc1 Rac8 28. Nf3 Bd5 29. Rxe8+ Rxe8 30. Nd4 Ne4 31. f3 Nc5 32. Nf5 Nd3 33. Rd1 g6 34. Nh6+ Kg7 35. Ng4 Re2 36. b3 c3 37. Rxd3 c2 38. Rc3 Re1+ 39. Kf2 c1=Q 40. Rxc1 Rxc1 41. Ne5 Bxb3 42. Nd3 Rc2+ 43. Kg3 Bxa4 44. Ne5 Bc6 45. h4 a4 46. h5 gxh5 47. Kh4 Rxg2 48. f4 Re2 49. Nd3 Re3 50. Nc5 a3 51. f5 a2 52. f6+ Kxf6 53. Nb3 Rxb3 54. Kxh5 a1=Q 55. Kh6 Qh1# 0-1


[Site "https://www.chess.com"]

[Event "Titled Tuesday Blitz July 4 Late 2023"]
[White "Mattheii"]
[Black "Leitao, Rafael"]
[BlackFideId "2101246"]
[WhiteElo "2535"]
[BlackElo "2785"]
[Result "1-0"]
[Round "8"]
[TimeControl "180+2"]
[Date "2023.07.04"]
[WhiteClock "0:00:02"]
[BlackClock "0:00:00"]
[Board "29"]

1. d4 Nf6 2. c4 g6 3. Nc3 Bg7 4. e4 d6 5. h3 O-O 6. Bg5 Nbd7 7. Bd3 c5 8. d5 Ne5 9. Be2 b5 10. cxb5 a6 11. a4 Qa5 12. Bd2 axb5 13. Nxb5 Qb6 14. Qc2 Ba6 15. Nf3 Bxb5 16. Bxb5 Qxb5 17. axb5 Rxa1+ 18. Ke2 Rxh1 19. Nxe5 dxe5 20. b6 Nd7 21. b4 cxb4 22. Qc7 b3 23. Qc3 Nxb6 24. Qxb3 Rb8 25. Qb5 Ra1 26. Ba5 Ra2+ 27. Kf3 Nd7 28. Qxd7 Rxa5 29. Qxe7 h5 30. Kg3 Raa8 31. h4 Re8 32. Qg5 Rad8 33. f3 Bf8 34. Qe3 Bd6 35. Qa7 Rc8 36. Qd7 Red8 37. Qb7 Bc5 38. Qa6 Kg7 39. Qd3 Bd4 40. Qd2 Rb8 41. Qg5 Rd6 42. Qe7 Rbb6 43. Qe8 Rf6 44. Kh3 Rb1 45. Kh2 Bg1+ 46. Kh3 Be3 47. Kh2 Bd4 48. Qe7 Ra6 49. d6 Raa1 50. Kg3 Ra2 51. d7 Bf2+ 52. Kh2 1-0


[Site "https://www.chess.com"]